 Dungeon Crawl Stone Soup version 0.30-a0-857-gcaf70739d4 (webtiles) character file.

Game seed: 13964006624542178621

431 holysushi the Geomancer (level 7, -1/46 HPs)
             Began as a Formicid Earth Elementalist on Mar 5, 2023.
             Slain by a killer bee (9 damage)
             ... on level 4 of the Dungeon.
             The game lasted 00:07:21 (3953 turns).

holysushi the Geomancer (FoEE)                      Turns: 3953, Time: 00:07:22

Health: -1/46      AC:  2    Str: 13    XL:     7   Next: 19%
Magic:  6/13       EV: 12    Int: 16    God:
Gold:   145        SH:  0    Dex: 14    Spells: 4/14 levels left

rFire   . . .      SeeInvis +    q - +1 dagger (venom)
rCold   . . .      Faith    .    (no shield)
rNeg    . . .      Spirit   .    a - +0 robe
rPois   .          Reflect  .    (helmet unavailable)
rElec   .          Rampage  .    (no cloak)
rCorr   .                        (no gloves)
Will    .....                    (no boots)
Stlth   ++                       (no amulet)
HPRegen 0.27/turn                (no ring)
MPRegen 0.13/turn                (no ring)

@: no status effects
A: permanent stasis, dig shafts and tunnels, antennae 3, four strong arms
a: Dig, Shaft Self


You were on level 4 of the Dungeon.
You visited 1 branch of the dungeon, and saw 4 of its levels.

You collected 145 gold pieces.

Inventory:

Hand Weapons
 q - a +1 dagger of venom (weapon)
Armour
 a - a +0 robe (worn)
Jewellery
 d - a ring of fire
 n - a ring of resist corrosion
 s - an amulet of the acrobat
Wands
 u - a wand of paralysis (5)
Scrolls
 c - a scroll of teleportation
 e - 2 scrolls of identify
 g - a scroll of enchant armour {unknown}
 i - a scroll of silence {unknown}
 j - a scroll of enchant weapon {unknown}
 m - a scroll of torment {unknown}
 p - 2 scrolls of blinking
 t - a scroll of noise {unknown}
Potions
 b - a potion of magic
 h - 3 potions of heal wounds {unknown}
 k - a potion of brilliance {unknown}
 l - 4 potions of haste {unknown}
 o - a potion of flight {unknown}
 r - a potion of degeneration {unknown}


   Skills:
 - Level 1.7 Dodging
 - Level 2.4 Stealth
 - Level 4.2 Spellcasting
 - Level 1.1 Transmutations
 + Level 8.0 Earth Magic


You had 4 spell levels left.
You knew the following spells:

 Your Spells              Type           Power      Damage    Failure   Level
a - Sandblast             Erth           58%        2d13      1%          1
b - Passwall              Tmut/Erth      15%        N/A       3%          2
c - Stone Arrow           Conj/Erth      32%        3d9       10%         3
d - Petrify               Tmut/Erth      18%        N/A       26%         4

Your spell library contained the following spells:

 Spells                   Type           Power      Damage    Failure   Level
 Manifold Assault         Tloc           3%         N/A       86%         4
 Storm Form               Tmut/Air       2%         N/A       100%        7
 Blink                    Tloc           Unusable   N/A       N/A         2

Dungeon Overview and Level Annotations

Branches:
Dungeon (4/15) Zot: 19994
 Temple: D:4-7

Altars:
Fedhas
Makhleb
Sif Muna
Trog
Xom

Shops:
D:3 (

Annotations:
D:2 1 runed translucent door, Crazy Yiuf
D:3 2 transporters, hgbash's ghost, weakling DECj


Innate Abilities, Weirdness & Mutations

You cannot be hasted, slowed, berserked, paralysed or teleported.
You can dig through walls and to a lower floor.
You have a pair of large antennae on your head. (SInv)
Your four strong arms can wield two-handed weapons with a shield.


Message History

The killer bee stings you. The killer bee barely misses you.
The killer bee misses you.
Okay, then.
Aiming: Paralyse
Press: ? - help, Shift-Dir - straight line, f/p - killer bee
Aim: a killer bee (chance to affect: 57%)
The killer bee suddenly stops moving!
The killer bee barely misses you. The killer bee closely misses you.
The helpless killer bee fails to defend itself.
You puncture the killer bee!
The killer bee is poisoned.
You punch the killer bee.
You kill the killer bee!
The killer bee closely misses you.
The killer bee stings you but does no damage.
You have reached level 7!
Aiming: Paralyse
Press: ? - help, Shift-Dir - straight line, f - killer bee
Aim: a killer bee (chance to affect: 57%)
The killer bee suddenly stops moving!
The killer bee closely misses you. The scorpion stings you.
The helpless killer bee fails to defend itself.
You puncture the killer bee!
The killer bee is severely wounded.
The killer bee closely misses you. The scorpion barely misses you.
The killer bee misses you.
The helpless killer bee fails to defend itself.
You puncture the killer bee!
You kill the killer bee!
The killer bee stings you.
* * * LOW HITPOINT WARNING * * *
The scorpion closely misses you. The killer bee barely misses you.
Your Earth Magic skill increases to level 8!
Aiming: Paralyse
Press: ? - help, Shift-Dir - straight line, f - killer bee
Aim: a killer bee (moderately wounded, chance to affect: 57%)
The killer bee resists with significant effort.
The killer bee misses you. The scorpion stings you.
* * * LOW HITPOINT WARNING * * *
The killer bee stings you!
You die...

.......#
#.............. ......#
#.............. :....
#.............. ...
#.............. #'#
#.............. #.###
#..............
#...###..............
##.†y##..............
#.s@................
#..........#..........
##.........#..........
#....................
...........#..........
####..#................
#....##.......##..##
...... .....#.......
......######


You could see a scorpion and a killer bee.

Vanquished Creatures
  A phantom (D:4)
  3 killer bees (D:4)
  A jelly (D:4)
  2 hounds
  Ijyb (D:3)
  3 adders
  4 dart slugs
  4 orcs (D:3)
  5 bats
  4 endoplasms
  4 giant cockroaches
  7 goblins
  7 hobgoblins
  6 jackals
  4 kobolds
  2 quokkas
  8 ball pythons
  2 frilled lizards
  2 rats
70 creatures vanquished.

Notes
Turn   | Place    | Note
-------+----------+-------------------------------------------
     0 | D:1      | holysushi the Formicid Earth Elementalist began the quest
                  | for the Orb.
     0 | D:1      | Reached XP level 1. HP: 13/13 MP: 3/3
   147 | D:1      | Reached XP level 2. HP: 19/19 MP: 3/5
   536 | D:1      | Reached XP level 3. HP: 24/24 MP: 5/7
   860 | D:2      | Identified the +5 whip "Ruown" {freeze, +Blink Will+ Int-5
                  | Dex+7}
  1086 | D:2      | Found a runed translucent door.
  1087 | D:2      | Noticed Crazy Yiuf
  1153 | D:2      | Reached XP level 4. HP: 30/30 MP: 8/10
  1408 | D:2      | Learned a level 2 spell: Passwall
  1412 | D:2      | Learned a level 3 spell: Stone Arrow
  1601 | D:3      | Found a transporter.
  1603 | D:3      | Noticed hgbash's ghost (weakling DECj)
  1654 | D:3      | Reached skill level 4 in Earth Magic
  1829 | D:3      | Noticed Ijyb
  1833 | D:3      | Reached skill level 5 in Earth Magic
  1833 | D:3      | Reached XP level 5. HP: 13/35 MP: 6/11
  1979 | D:2      | Learned a level 4 spell: Petrify
  2112 | D:3      | Found Fetis's Weapon Emporium.
  2177 | D:3      | Found a shimmering blue altar of Sif Muna.
  2222 | D:3      | Found a transporter.
  2305 | D:3      | Found a bloodstained altar of Trog.
  2310 | D:3      | Found a shimmering altar of Xom.
  2315 | D:3      | Found a blossoming altar of Fedhas.
  2452 | D:3      | Found a bloodstained altar of Trog.
  2459 | D:3      | Found a shimmering altar of Xom.
  2464 | D:3      | Found a blossoming altar of Fedhas.
  2676 | D:3      | Found Fetis's Weapon Emporium.
  2749 | D:3      | Found a transporter.
  2773 | D:3      | Found a transporter.
  2833 | D:3      | Found a shimmering blue altar of Sif Muna.
  2928 | D:3      | Found a transporter.
  3060 | D:3      | Found a bloodstained altar of Trog.
  3067 | D:3      | Found a shimmering altar of Xom.
  3072 | D:3      | Found a blossoming altar of Fedhas.
  3129 | D:3      | Found a transporter.
  3204 | D:3      | Found Fetis's Weapon Emporium.
  3367 | D:3      | Found a shimmering blue altar of Sif Muna.
  3437 | D:3      | Killed Ijyb
  3606 | D:4      | Reached skill level 6 in Earth Magic
  3606 | D:4      | Reached XP level 6. HP: 41/41 MP: 6/12
  3609 | D:4      | Found a burning altar of Makhleb.
  3729 | D:4      | Reached skill level 7 in Earth Magic
  3950 | D:4      | Reached XP level 7. HP: 16/46 MP: 5/13
  3953 | D:4      | Reached skill level 8 in Earth Magic
  3953 | D:4      | Slain by a killer bee

Illustrated notes

Levels and vault maps discovered:
D:1:      lemuel_arrival_broad_hall, layout_rooms
D:2:      layout_loops_ring, uniq_crazy_yiuf_cottage
D:3:      layout_loops_ring, mainiacjoe_overflow_alcove_2,
          minmay_overflow_temple_star_quad, gammafunk_ghost_stat_death,
          serial_shops, nicolae_shop_bloodbath_and_beyond, grunt_ministairs_2,
          uniq_ijyb
D:4:      layout_basic, pf_just_have_faith, mainiacjoe_overflow_chevrons,
          wad_floor_pattern_2

Skill      XL: |  1  2  3  4  5  6  7 |
---------------+----------------------+-----
Spellcasting   | 3 4 |  4.2
Earth Magic    | 5 6 7 8 |  8.0
Dodging        | |  1.7
Stealth        | |  2.4
Transmutations | |  1.1

Action                     |  1- 3 |  4- 6 |  7- 9 || total
---------------------------+-------+-------+-------++-------
  Melee: Unarmed           |     3 |     8 |       ||    11
         Dagger            |       |     8 |     2 ||    10
         Punch             |       |     1 |       ||     1
   Cast: Sandblast         |    37 |    67 |       ||   104
         Petrify           |       |     2 |       ||     2
  Evoke: Wand              |       |     1 |     2 ||     3
    Use: Potion            |       |     3 |       ||     3
         Scroll            |       |     2 |       ||     2
   Stab: Paralysed         |       |     1 |     2 ||     3
 Armour: Robe              |     5 |    15 |       ||    20
  Dodge: Dodged            |    15 |    72 |     7 ||    94

Table legend: (Time is in decaauts)
 A = Elapsed time spent in this place.
 B = Non-inter-level travel time spent in this place.
 C = Inter-level travel time spent in this place.
 D = Time resting spent in this place.
 E = Time spent auto-exploring this place.
 F = Levels seen in this place.
 G = Mean time per level.
                   A        B        C        D        E       F      G
               +--------+--------+--------+--------+--------+-----+--------+
         Total |   4005 |   3928 |     77 |    685 |   2493 |   4 | 1001.2 |
       Dungeon |   4005 |   3928 |     77 |    685 |   2493 |   4 | 1001.2 |
               +--------+--------+--------+--------+--------+-----+--------+

Top non-repeatable levels by time:
     D:3: 1957 daAuts
     D:2: 1032 daAuts
     D:1: 610 daAuts
     D:4: 404 daAuts
